Description

Reaper Fast Expand into 1/1/1 - Cyclone variant. Adapt to Protoss opening by building cyclones and appropriate tech units using the 1/1/1 infrastructure. If possible, move out with 2 Cyclones, Medivac and Marines for ~5:00 two pronged timing. Take a 3rd CC after 1, 3 or 5 Barracks depending on the situation. See other Maru replays from IEM Katowice 2018.

VOD

https://youtu.be/cOPHKkdPRh4?t=988

Replay - Maru v sOs: Game 2 - Blackpink LE

Build Order

Get SALT Encoding   

  12  0:00  SCV  
  13  0:13  SCV  
  14  0:17  Supply Depot  
  14  0:25  SCV  
  15  0:38  SCV  
  15  0:40  Barracks  
  16  0:43  Refinery  
  16  0:50  SCV  
  17  1:02  SCV  
  18  1:15  SCV  
  19  1:29  Orbital Command, Marine  
  20  1:49  Command Center  
  20  1:53  Barracks Reactor  
  20  1:55  SCV  
  21  2:02  Factory  
  21  2:07  SCV  
  22  2:15  Supply Depot  
  22  2:16  Refinery  
  22  2:20  SCV  
  23  2:36  Marine x2  
  26  2:47  Starport  
  27  2:54  Marine x2  
  29  3:00  Cyclone  
  33  3:08  Orbital Command  
  33  3:13  Marine x2  
  36  3:20  Supply Depot  
  36  3:33  Cyclone, Marine  
  42  3:37  Medivac  
  44  3:43  Supply Depot  
  46  3:51  Marine x2  
  48  3:59  Supply Depot  
  50  4:05  Cyclone  
  55  4:22  Engineering Bay  
  56  4:26  Barracks  
  56  4:29  Refinery  
  56  4:30  Starport Tech Lab  
  59  4:50  Missile Turret  
  59  4:51  Terran Infantry Weapons Level 1  
  59  4:52  Factory Tech Lab  
  62  5:01  Raven  
  67  5:27  Barracks  
  67  5:32  Factory Reactor  
  70  5:36  Marauder, Stimpack  
  71  5:53  Starport Reactor  
  71  5:56  Barracks x2  
  77  6:12  Widow Mine x2  
  83  6:27  Marauder x2  
  88  6:34  Refinery  
  88  6:35  Medivac x2, Combat Shields  
  92  6:44  Barracks Tech Lab  
  92  6:49  Factory Reactor, Terran Infantry Armor Level 1  
  92  6:54  Marauder x2  
  100  7:02  Concussive Shells  
  100  7:03  Marauder  
  102  7:10  Medivac  
  105  7:18  Marauder x2  
  112  7:24  Marauder  
  112  7:27  Widow Mine x2  
  117  7:41  Marauder  
  123  7:49  Widow Mine x2  
  121  8:00  Liberator x2  
  125  8:10  Widow Mine x2  
  134  8:45  Liberator x2  
  134  9:03  Widow Mine  
Spawning Tool Build Advisor. Get it on Overwolf

Go to:

Details

  • Created by: Zarmoxis
  • Published on: Mar 05, 2018
  • Modified on: Mar 05, 2018
  • Patch: 4.0.0
Show
View Real Time Build Order
Export as new Build Order

Comments (0)

There are no comments. Be the first!

Create an account to comment!